 Dungeon Crawl Stone Soup version 0.12.2-12-gd1dd697 (webtiles) character file.

1833 Idrax the Ruffian (level 8, -3/62 HPs)
             Began as a Pale Draconian Transmuter on July 11, 2013.
             Was an Initiate of the Shining One.
             Slain by an orc warrior
             ... wielding a +0,+3 orcish great mace
              (24 damage)
             ... on Level 6 of the Dungeon on July 15, 2013.
             The game lasted 00:32:17 (6230 turns).

Idrax the Ruffian (Pale Draconian Transmuter)       Turns: 6230, Time: 00:32:17

HP  -3/62        AC 10     Str 14      XL: 8   Next: 51%
MP  15/15        EV 13     Int 14      God: the Shining One [......]
Gold 340         SH  0     Dex 12      Spells:  3 memorised,  6 levels left

Res.Fire  : + . .   See Invis. : .     - Unarmed
Res.Cold  : . . .   Warding    : .   (armour unavailable)
Life Prot.: . . .   Conserve   : .   (no shield)
Res.Poison: .       Res.Corr.  : .   (helmet restricted)
Res.Elec. : .       Clarity    : .   j - +2 cloak
Sust.Abil.: . .     Spirit.Shd : .   (no gloves)
Res.Mut.  : .       Stasis     : .   u - +0 pair of boots
Res.Rott. : .       Ctrl.Telep.: .   (no amulet)
Saprovore : . . .   Flight     : .   e - ring of sustenance
                                     f - ring of protection from fire

@: short of breath, slightly resistant to hostile enchantments, unstealthy
A: breathe steam, unfitting armour, AC +6
a: Breathe Steam, Renounce Religion


You were on level 6 of the Dungeon.
You worshipped the Shining One. the Shining One was noncommittal.
You were hungry.

You visited 2 branches of the dungeon, and saw 7 of its levels.

You collected 320 gold pieces.

Inventory:

Missiles
 b - 24 arrows
Armour
 j - a +2 cloak (worn)
 u - a +0 pair of boots (worn)
 w - the cursed -2 robe "Gharow" {rF++ MR, unknown}
   (You found it on level 6 of the Dungeon)

   It greatly protects you from fire.
   It affects your resistance to hostile enchantments.
   It has a curse placed upon it.
Magical devices
 n - a wand of disintegration (9) {unknown}
 p - a wand of paralysis (10) {unknown}
 x - a wand of draining (4) {unknown}
Comestibles
 a - 4 bread rations
 l - 3 meat rations
Scrolls
 k - 5 scrolls of remove curse
 r - 2 scrolls of recharging {unknown}
 y - a scroll of identify
Jewellery
 e - a ring of sustenance (right hand)
 f - a ring of protection from fire (left hand)
Potions
 c - 2 potions of flight
 g - a potion of restore abilities {unknown}
 i - a potion of poison {unknown}
 m - 3 potions of curing
 q - 2 potions of magic
 s - a potion of heal wounds {unknown}
 v - a potion of agility {unknown}
Books
 d - a book of Changes

   Spells                             Type                      Level
   *Beastly Appendage                 Transmutation                1
   *Sticks to Snakes                  Transmutation                2
   Spider Form                        Transmutation/Poison         3
   Ice Form                           Ice/Transmutation            4
   *Blade Hands                       Transmutation                5


   Skills:
 + Level 3.3 Fighting
 + Level 3.6 Dodging
 + Level 3.1 Traps
 * Level 5.9 Unarmed Combat
 + Level 3.9 Spellcasting
 * Level 5.5 Transmutations


You had 6 spell levels left.
You knew the following spells:

 Your Spells              Type           Power        Failure   Level  Hunger
a - Beastly Appendage     Trmt           ####...      1%          1    None
c - Blade Hands           Trmt           ####......   58%         5    #####..
p - Sticks to Snakes      Trmt           ####......   2%          2    ##.....


Dungeon Overview and Level Annotations

Branches:
Dungeon (6/27)             Temple (1/1) D:6             Orc (0/4) D:6

Altars:
Ashenzari
Makhleb
Zin
the Shining One

Shops:
D:4: * D:6: [(


Message History

You see here a plate armour.
Your transformation is almost over.
You have got your breath back.
Use which ability? (? or * to list)
Press: ? - help, Shift-Dir - straight line, f/p - orc warrior
Aim: an orc warrior, wielding an orcish great mace and wearing an orcish chain mail (severely wounded)
You exhale a blast of scalding steam.
The ball of steam hits the orc warrior.
The orc warrior is severely wounded.
You feel a bit more experienced.
You feel somewhat more hungry.
Your horns disappear.
You have got your breath back.
Use which ability? (? or * to list)
Press: ? - help, Shift-Dir - straight line, f/p - orc warrior
Aim: an orc warrior, wielding an orcish great mace and wearing an orcish chain mail (severely wounded)
You exhale a blast of scalding steam.
The ball of steam hits the orc warrior.
The orc warrior is almost dead.
You feel somewhat more hungry.
The orc warrior is engulfed in a cloud of scalding steam.
The orc warrior hits you with an orcish great mace!
You die...

#..#####.#.# #...##.#
#..........# #...##.#
##.###....#####...##.# #.#
#.....)......##.# #.#
#.....#####.....# #.#
#.....#..<#..#### #.#
#.........#.....#
####'###....#######....#
#......###.#..§o@.)..### #......#
#.#.#######.# ### ###
#......###.#.#######.###.######.#
#.........................[§...[.
#......###.#.##.......(.........#
#............###.###.###...##...#
#......##^.### #.###.###....#...#
#......##..### #.....#.[..#.#...#
#########....########)..........#


You could see an orc warrior.

Vanquished Creatures
  An orc warrior (D:6)
  3 phantoms
  2 ogres
  A giant frog (D:6)
  4 wights (D:6)
  4 crimson imps
  A scorpion (D:6)
  3 orc priests
  An orc wizard (D:6)
  A hound skeleton (D:6)
  2 iguanas
  3 worker ants
  Ijyb (D:2)
  Jessica (D:2)
  3 gnolls (D:4)
  6 adders
  3 giant mites
  5 giant geckos
  16 orcs
  22 bats
  2 giant cockroaches
  11 hobgoblins
  2 jackals (D:1)
  2 quokkas
  4 ball pythons
  6 giant newts
  10 goblins
  A hobgoblin skeleton (D:4)
  5 kobolds
  A kobold skeleton (D:4)
  11 rats
138 creatures vanquished.

Vanquished Creatures (others)
  An orc wizard (D:6)
  A rat (D:5)
2 creatures vanquished.

Grand Total: 140 creatures vanquished

Notes
Turn   | Place    | Note
--------------------------------------------------------------
     0 | D:1      | Idrax, the Draconian Transmuter, began the quest for the Orb.
     0 | D:1      | Reached XP level 1. HP: 16/16 MP: 1/1
   220 | D:1      | Reached XP level 2. HP: 23/23 MP: 0/3
   828 | D:2      | Noticed Ijyb
   855 | D:2      | Killed Ijyb
   855 | D:2      | Reached XP level 3. HP: 21/28 MP: 1/4
   920 | D:2      | Noticed Jessica
   930 | D:2      | Killed Jessica
   954 | D:2      | Reached XP level 4. HP: 28/35 MP: 4/6
  1080 | D:2      | Learned a level 2 spell: Sticks to Snakes
  1605 | D:3      | Reached skill level 1 in Traps
  1919 | D:3      | Reached XP level 5. HP: 39/41 MP: 6/8
  2602 | D:4      | Noticed an ogre
  2602 | D:4      | Noticed a phantom
  2708 | D:3      | Killed a phantom
  2708 | D:3      | Reached skill level 4 in Unarmed Combat
  3050 | D:3      | Reached XP level 6. HP: 37/48 MP: 10/10
  3317 | D:4      | Found Zin's Purification Station.
  3321 | D:4      | Found a glowing silver altar of Zin.
  3369 | D:4      | Found a shattered altar of Ashenzari.
  3397 | D:4      | Killed an ogre
  3708 | D:5      | Entered Level 5 of the Dungeon
  4246 | D:5      | Your scales start fading to a pale cyan-grey colour.
  4246 | D:5      | Reached XP level 7. HP: 51/55 MP: 10/12
  4719 | D:6      | Got a fabulously ornate robe
  4750 | D:6      | Reached skill level 5 in Unarmed Combat
  4850 | D:6      | Reached skill level 5 in Transmutations
  4850 | D:6      | Reached XP level 8. HP: 34/61 MP: 15/15
  5219 | D:6      | Upgraded the game from 0.12.2-10-g0fb3e6e to 0.12.2-12-gd1dd697
  5225 | D:6      | Found a staircase to the Ecumenical Temple.
  5234 | Temple   | Entered the Ecumenical Temple
  5250 | Temple   | Became a worshipper of the Shining One
  5499 | D:6      | Learned a level 5 spell: Blade Hands
  5619 | D:6      | Found Kumiaruq's Armour Shop.
  5633 | D:6      | Found Biclaj's Weapon Shop.
  5639 | D:6      | Found a staircase to the Orcish Mines.
  6202 | D:6      | The Shining One protects you from harm!
  6230 | D:6      | Slain by an orc warrior

Action                   |  1- 3 |  4- 6 |  7- 9 || total
-------------------------+-------+-------+-------++-------
Melee: Unarmed           |   136 |   299 |   274 ||   709
 Cast: Beastly Appendage |    25 |    47 |    26 ||    98
 Abil: Breathe Steam     |       |       |    14 ||    14
       End Transformatio |       |       |     1 ||     1
  Use: Scroll            |     5 |    11 |     2 ||    18
